 Dungeon Crawl Stone Soup version 0.28-a0-535-g6f645e4c1d (webtiles) character file.

Game seed: 6671457006039770074

5 ytrimaz the Chopper (level 1, -1/20 HPs)
             Began as a Minotaur Berserker on Sept 27, 2021.
             Was a Follower of Trog.
             Slain by a hobgoblin (2 damage)
             ... on level 1 of the Dungeon.
             The game lasted 00:00:15 (69 turns).

ytrimaz the Chopper (Minotaur Berserker)              Turns: 69, Time: 00:00:15

Health: -1/20      AC:  2    Str: 21    XL:     1   Next: 66%
Magic:  0/0        EV: 12    Int:  4    God:    Trog [*.....]
Gold:   19         SH:  0    Dex:  9    Spells: 0/0 levels left

rFire   . . .      SeeInvis .   a - +0 hand axe
rCold   . . .      Faith    .   (no shield)
rNeg    . . .      Spirit   .   b - +0 animal skin
rPois   .          Reflect  .   (helmet restricted)
rElec   .          Harm     .   (no cloak)
rCorr   .          Rampage  .   (no gloves)
Will    .....                   (no boots)
Stlth   +.........              (no amulet)
HPRegen 0.06/turn               (no ring)
MPRegen 0.07/turn               (no ring)

@: no status effects
A: horns 2, retaliatory headbutt
a: Renounce Religion, Berserk


You were on level 1 of the Dungeon.
You worshipped Trog.
Trog was aware of your devotion.
You visited 1 branch of the dungeon, and saw 1 of its levels.

You collected 19 gold pieces.

Inventory:

Hand Weapons
 a - a +0 hand axe (weapon)
Armour
 b - a +0 animal skin (worn)
Scrolls
 c - a scroll of noise {unknown}


   Skills:
 * Level 3.8 Fighting
 * Level 3.8 Axes
 + Level 2.4 Armour
 + Level 2.2 Dodging


You couldn't memorise any spells.
You didn't know any spells.
Your spell library was empty.

Dungeon Overview and Level Annotations

Branches:
Dungeon (1/15)

Altars:


Innate Abilities, Weirdness & Mutations

You have a pair of horns on your head.
You reflexively headbutt those who attack you in melee.


Message History

The giant cockroach closely misses you.
You closely miss the giant cockroach.
The kobold shouts!
The kobold throws a stone.
The stone misses you.
The stone hits the giant cockroach but does no damage.
The giant cockroach bites you but does no damage.
A hobgoblin comes into view.
Found an escape hatch in the floor.
The giant cockroach bites you.
You hit the giant cockroach.
Your headbutt misses the giant cockroach.
The giant cockroach is severely wounded.
You barely miss the giant cockroach. The giant cockroach barely misses you.
The giant cockroach misses you. The giant cockroach bites you.
You hit the giant cockroach.
You kill the giant cockroach!
Trog accepts your kill.
You hit the giant cockroach but do no damage.
The giant cockroach bites you. The kobold hits you with a +0 dagger.
You hit the giant cockroach.
You kill the giant cockroach!
Trog accepts your kill.
You completely miss the kobold. The kobold hits you with a +0 dagger.
The hobgoblin hits you.
* * * LOW HITPOINT WARNING * * *
You closely miss the hobgoblin. You barely miss the kobold.
The kobold barely misses you. The hobgoblin hits you.
* * * LOW HITPOINT WARNING * * *
You closely miss the kobold. You barely miss the hobgoblin.
The kobold closely misses you. The hobgoblin misses you.
You furiously retaliate!
You headbutt the hobgoblin, but do no damage.
You hit the kobold but do no damage. Your headbutt misses the kobold.
You closely miss the hobgoblin. The kobold hits you but does no damage.
The hobgoblin hits you.
* * * LOW HITPOINT WARNING * * *
You hit the kobold.
You kill the kobold!
Trog accepts your kill.
You closely miss the hobgoblin. The hobgoblin hits you.
You die...

......# .....###
.......# ......###
... .... #.#...#
...#####.#...#
......g@.....#
......)#.#####
#...##.#)# #.. #.#.#
. .>#.# #.
..####$#### #.#
#..........###
#.#####...###......#
#.##......# #....#.#


You could see a hobgoblin.

Vanquished Creatures
  A bat (D:1)
  2 giant cockroaches (D:1)
  A goblin (D:1)
  A kobold (D:1)
5 creatures vanquished.

Notes
Turn   | Place    | Note
-------+----------+-------------------------------------------
     0 | D:1      | ytrimaz the Minotaur Berserker began the quest for the Orb.
     0 | D:1      | Reached XP level 1. HP: 19/19 MP: 0/0
    68 | D:1      | HP: 1/20 [hobgoblin (4)]
    69 | D:1      | Slain by a hobgoblin

Illustrated notes

Levels and vault maps discovered:
D:1:      dpeg_arrival_simpleton_a, layout_basic, minmay_misc_feat_alley

Action                   || total
-------------------------++-------
Melee: Hand axe          ||    13
       Headbutt          ||     1
Armor: Animal skin       ||     6
Dodge: Dodged            ||    19

Table legend: (Time is in decaauts)
 A = Elapsed time spent in this place.
 B = Non-inter-level travel time spent in this place.
 C = Inter-level travel time spent in this place.
 D = Time resting spent in this place.
 E = Time spent auto-exploring this place.
 F = Levels seen in this place.
 G = Mean time per level.
                   A        B        C        D        E       F      G
               +--------+--------+--------+--------+--------+-----+--------+
         Total |     70 |     70 |      0 |      0 |     39 |   1 |   70.0 |
       Dungeon |     70 |     70 |      0 |      0 |     39 |   1 |   70.0 |
               +--------+--------+--------+--------+--------+-----+--------+

Top non-repeatable levels by time:
     D:1: 70 daAuts
